 Dungeon Crawl Stone Soup version 0.22-a0-619-ga0c6fd2 (webtiles) character file.

2174 Amnesiac the Destroyer (level 9, -7/57 HPs)
             Began as a Mummy Wizard on July 14, 2018.
             Was a Priest of Sif Muna.
             Mangled by Joseph
             ... wielding a +1 quarterstaff of holy wrath
              (18 damage)
             ... on level 7 of the Dungeon.
             The game lasted 00:15:12 (9348 turns).

Amnesiac the Destroyer (Mummy Wizard)               Turns: 9348, Time: 00:15:13

Health: -7/57      AC: 12    Str: 10    XL:     9   Next: 11%
Magic:  1/21       EV: 12    Int: 25    God:    Sif Muna [***...]
Gold:   489        SH:  0    Dex: 10    Spells: 10/25 levels left

rFire    . . .     SeeInvis .   a - +0 dagger (protect)
rCold    + . .     Gourm    .   (no shield)
rNeg     + + +     Faith    .   t - +0 robe
rPois    ∞         Spirit   .   (no helmet)
rElec    .         Reflect  .   i - +0 cloak
rCorr    .         Harm     .   f - +0 pair of gloves
MR       +....                  h - +0 pair of boots
Stlth    ++........             m - amulet of inaccuracy (curse)
HPRegen  0.19/turn              k - +4 ring of intelligence
MPRegen  0.17/turn              v - ring of protection from fire

@: protection aura, divine energy
A: no food or potions, fire vulnerability, cold resistance 1, negative energy
resistance 3, torment resistance, unbreathing
a: Stop Divine Energy, Channel Magic, Renounce Religion


You were on level 7 of the Dungeon.
You worshipped Sif Muna.
Sif Muna was most pleased with you.
You were not hungry.

You visited 2 branches of the dungeon, and saw 8 of its levels.

You collected 489 gold pieces.

Inventory:

Hand Weapons
 a - a +0 dagger of protection (weapon)
 d - the +3 short sword "Zoar" {pierce, *Slow +Inv Str+4 Int+3}
   (You found it on level 5 of the Dungeon)

   It inflicts extra damage upon your enemies.
   It affects your strength (+4).
   It affects your intelligence (+3).
   It lets you turn invisible.
   It may slow you when you take damage.
Armour
 f - a +0 pair of gloves (worn)
 h - a +0 pair of boots (worn)
 i - a +0 cloak (worn)
 t - a +0 robe (worn)
Jewellery
 k - a +4 ring of intelligence (left hand)
 m - a cursed amulet of inaccuracy (around neck)
 n - an uncursed ring of flight
 v - a ring of protection from fire (right hand)
Wands
 c - a wand of enslavement (17)
 q - a wand of polymorph (6)
 s - a wand of paralysis (17)
Scrolls
 b - 2 scrolls of amnesia {!r}
 e - a scroll of teleportation {!r}
 g - a scroll of blinking {!r}
 j - 4 scrolls of remove curse {!r}
 l - a scroll of fog {!r}
 o - 2 scrolls of enchant armour {!r}
 p - a scroll of magic mapping {!r}
 r - a scroll of silence {!r, unknown}


   Skills:
 - Level 1.5 Dodging
 - Level 1.5 Stealth
 + Level 8.6 Spellcasting
 * Level 8.6 Conjurations
 - Level 0.7 Summonings
 - Level 0.7 Translocations


You had 10 spell levels left.
You knew the following spells:

 Your Spells              Type           Power        Failure   Level  Hunger
a - Magic Dart            Conj           ####         1%          1    N/A
b - Call Imp              Summ           ##......     6%          2    N/A
d - Throw Icicle          Conj/Ice       ####....     10%         4    N/A
e - Mephitic Cloud        Conj/Pois/Air  ####....     5%          3    N/A
s - Conjure Flame         Conj/Fire      ####....     2%          3    N/A
v - Blink                 Tloc           N/A          6%          2    N/A

Your spell library contained the following spells:

 Spells                   Type           Power        Failure   Level  Hunger
 Lightning Bolt           Conj/Air       ####......   26%         5    N/A
 Slow                     Hex            ##......     9%          2    N/A
 Throw Frost              Conj/Ice       ####..       1%          2    N/A
 Freeze                   Ice            ##..         5%          1    N/A
 Summon Ice Beast         Ice/Summ       ##......     43%         4    N/A
 Ozocubu's Armour         Chrm/Ice       ##......     17%         3    N/A
 Shock                    Conj/Air       ####         1%          1    N/A
 Swiftness                Chrm/Air       ##......     9%          2    N/A
 Airstrike                Air            ##........   50%         4    N/A
 Static Discharge         Conj/Air       ####....     2%          3    N/A

Dungeon Overview and Level Annotations

Branches:
Dungeon (7/15)             Temple (1/1) D:6

Altars:
Ashenzari
Cheibriados
Dithmenos
Elyvilon
Fedhas
Gozag
Hepliaklqana
Kikubaaqudgha
Makhleb
Nemelex Xobeh
Qazlal
Ru
Sif Muna
Trog
Vehumet
Wu Jian
Xom
Yredelemnul
Zin
The Shining One

Shops:
D:4 [   D:5 =

Annotations:
D:7 Joseph


Innate Abilities, Weirdness & Mutations

You do not eat or drink.
Your flesh is vulnerable to fire.
You are immune to poison.
Your flesh is cold resistant. (rC+)
You are immune to negative energy. (rN+++)
You are immune to unholy pain and torment.
You can survive without breathing.


Message History

The killer bee appears confused.
The killer bee stings the killer bee.
The killer bee is poisoned.
The killer bee poisons the killer bee!
The killer bee is engulfed in noxious fumes.
The killer bee appears confused.
The killer bee is engulfed in noxious fumes.
The killer bee appears confused.
The killer bee is engulfed in noxious fumes.
The killer bee appears confused.
The howler monkey hoots and howls with incredible vigour!
The killer bee is engulfed in noxious fumes.
The killer bee appears confused.
The killer bee stings the killer bee.
The killer bee is poisoned.
The killer bee poisons the killer bee!
You hear a shout! x4
Unknown command.
As you close the door, it creaks loudly!
Sif Muna accepts your kill.
You feel a bit more experienced.
Joseph, a Mercenary comes into view.
He is wielding a quarterstaff of holy wrath.
Joseph unwields an uncursed quarterstaff of holy wrath.
It stops glowing.
Joseph wields a hunting sling.
Joseph shoots a sling bullet.
The sling bullet misses you.
You see here a sling bullet.
Joseph shoots a sling bullet.
The sling bullet hits you!
Something unseen opens the door.
You hear a howl!
Joseph shoots a sling bullet.
The sling bullet hits you!
You see here a sling bullet.
You regain access to your magic.
Sif Muna accepts your kill.
You feel a bit more experienced.
The howler monkey hoots and howls with incredible vigour!
You hear a howl!
You hear a shout! x3
The howler monkey hoots and howls with incredible vigour!
You hear an angry hiss.
You hear a shout!
The howler monkey barely misses you.
Casting: Mephitic Cloud (safe; 5% risk of failure)
Confirm with . or Enter, or press ? or * to list all spells.
Aiming: Conjure Flame (safe; 3% risk of failure)
Press: ? - help, Dir - move target cursor The fire ignites!
Sif Muna grants you divine energy.
You briefly lose access to your magic!
The howler monkey hits you. The howler monkey closely misses you.
The howler monkey hits you.
You regain access to your magic.
The howler monkey dies!
Sif Muna accepts your kill.
Joseph is engulfed in blazing flames.
Joseph shoots a sling bullet.
The sling bullet hits you.
Joseph is engulfed in blazing flames.
Joseph unwields an uncursed hunting sling.
Joseph wields an uncursed quarterstaff of holy wrath.
It softly glows with a divine radiance!
Joseph hits you but does no damage.
You see here a howler monkey corpse.
You hit Joseph.
Your weapon exudes an aura of protection.
Joseph is heavily wounded.
You hit Joseph.
Joseph is heavily wounded.
Joseph is engulfed in blazing flames.
Joseph hits you with an uncursed quarterstaff of holy wrath!!
* * * LOW HITPOINT WARNING * * *
You convulse!!
You die...

... #@# #.# ##.
# #.# ....
#.#.# .y...
#.#.#.###..y..#
#.....(.'.<...#
#####.###y....#
#.(@@.# #####
####.########
#............
#............
#............
#............
#............
#............
#...(........


You could see Joseph.

Vanquished Creatures
  A hippogriff (D:4)
  Menkaure (D:4)
  A sky beast (D:6)
  5 ogres
  A phantom (D:5)
  A centaur (D:5)
  2 scorpions
  A centaur zombie (D:5)
  A howler monkey (D:4)
  A quasit (D:7)
  A jelly (D:5)
  3 orc priests
  A bullfrog skeleton (D:7)
  3 hounds
  8 orc wizards
  A centaur skeleton (D:4)
  2 iguanas
  Ijyb (D:5)
  Natasha (thrice) (D:4 D:3)
  3 worker ants
  2 gnolls (D:6)
  A howler monkey skeleton (D:7)
  6 adders
  3 adder skeletons
  4 worms
  4 dart slugs
  7 leopard geckos
  18 orcs
  5 giant cockroaches
  7 goblins
  3 hobgoblins
  13 jackals
  2 quokkas
  4 bats
  4 frilled lizards
  3 kobolds (D:1)
  A leopard gecko skeleton (D:5)
  A quokka skeleton (D:3)
  12 rats
141 creatures vanquished.

Vanquished Creatures (collateral kills)
  2 killer bees (D:7)
  A howler monkey (D:7)
  A crimson imp (D:3)
  A worm (D:2)
5 creatures vanquished.

Grand Total: 146 creatures vanquished

Notes
Turn   | Place    | Note
-------+----------+-------------------------------------------
     0 | D:1      | Amnesiac the Mummy Wizard began the quest for the Orb.
     0 | D:1      | Reached XP level 1. HP: 13/13 MP: 5/5
    21 | D:1      | Reached skill level 1 in Conjurations
   253 | D:2      | Reached XP level 2. HP: 16/19 MP: 0/7
   467 | D:2      | Learned a level 2 spell: Call Imp
   598 | D:2      | Reached XP level 3. HP: 24/24 MP: 5/8
   603 | D:2      | Learned a level 3 spell: Conjure Flame
   607 | D:2      | Learned a level 3 spell: Mephitic Cloud
  1073 | D:2      | Found a shadowy altar of Dithmenos.
  1073 | D:2      | Found a deep blue altar of Sif Muna.
  1097 | D:2      | Became a worshipper of Sif Muna the Loreminder
  2343 | D:2      | Reached XP level 4. HP: 30/30 MP: 8/10
  2347 | D:2      | Learned a level 2 spell: Blink
  3040 | D:3      | Found an ornate altar of the Wu Jian Council.
  3187 | D:3      | Reached XP level 5. HP: 2/35 MP: 7/11
  3655 | D:3      | Found a sparkling altar of Nemelex Xobeh.
  4178 | D:4      | Noticed Menkaure
  4457 | D:4      | Reached * piety under Sif Muna
  4457 | D:4      | Reached XP level 6. HP: 41/41 MP: 3/13
  4581 | D:4      | Noticed Natasha
  4593 | D:4      | Killed Natasha
  4615 | D:4      | Killed Menkaure
  4615 | D:4      | Reached skill level 5 in Spellcasting
  4615 | D:4      | Reached skill level 5 in Conjurations
  4617 | D:4      | Noticed Natasha
  4681 | D:3      | Killed Natasha
  4897 | D:3      | Found an ornate altar of the Wu Jian Council.
  4900 | D:3      | Found a sparkling altar of Nemelex Xobeh.
  4900 | D:3      | Noticed Natasha
  4903 | D:3      | Killed Natasha
  5242 | D:4      | Reached XP level 7. HP: 28/46 MP: 6/15
  5336 | D:4      | Noticed a hippogriff
  5344 | D:4      | Killed a hippogriff
  5344 | D:4      | Reached ** piety under Sif Muna
  5799 | D:4      | Found an opulent altar of Gozag.
  5846 | D:4      | Found Cesazuso's Armour Boutique.
  5885 | D:5      | Entered Level 5 of the Dungeon
  6124 | D:5      | Reached XP level 8. HP: 49/52 MP: 14/18
  6143 | D:5      | Noticed Ijyb
  6168 | D:5      | Killed Ijyb
  6937 | D:5      | Found Yguzyu's Jewellery Boutique.
  7000 | D:5      | Got an iridescent short sword
  7001 | D:5      | Identified the +3 short sword "Zoar" {pierce, *Slow +Inv Str+4 Int+3} (You found it on level 5 of the Dungeon)
  7252 | D:5      | Found a transporter.
  7254 | D:5      | Found a transporter.
  7357 | D:5      | Found a stormy altar of Qazlal.
  7358 | D:5      | Found a glowing silver altar of Zin.
  7801 | D:5      | Reached *** piety under Sif Muna
  8149 | D:6      | Found a bloodstained altar of Trog.
  8181 | D:6      | Found a sparkling altar of Nemelex Xobeh.
  8408 | D:6      | Found a staircase to the Ecumenical Temple.
  8417 | Temple   | Entered the Ecumenical Temple
  8863 | D:6      | Found a shattered altar of Ashenzari.
  8869 | D:6      | Learned a level 4 spell: Throw Icicle
  8894 | D:6      | Reached XP level 9. HP: 57/57 MP: 15/21
  9332 | D:7      | Noticed Joseph
  9348 | D:7      | Mangled by Joseph

Vault maps used:
D:1:      giann_horns
D:2:      gammafunk_temple_overflow_wave
D:3:      grunt_temple_overflow_open, first_ration, serial_undead,
          serial_undead_b, serial_undead_a, serial_undead_a, serial_undead_a,
          serial_undead_f
D:4:      grunt_gozag_breadcrumbs, serial_shops, kennysheep_little_box,
          kennysheep_generic_room_2, uniq_menkaure, uniq_natasha
D:5:      gammafunk_temple_overflow_arena, minmay_shop_grid_forest,
          minmay_misc_feat_secret_circle, uniq_ijyb
D:6:      ashenzari_altar_1, lemuel_round_altar, minmay_temple_entry_grid,
          nemelex_spade_bored_becter
D:7:      dancing_weapons_uskayaw, nicolae_ossuary_entry_catacombs, the_bakery,
          sword_in_stone, uniq_joseph
Temple:   jpeg_temple_clearing

Skill      XL: |  1  2  3  4  5  6  7  8 |
---------------+-------------------------+-----
Conjurations   | 1 2 3 4 5 6 8 |  8.6
Spellcasting   | 5 6 8 |  8.6
Dodging        | |  1.5
Stealth        | |  1.5
Summonings     | |  0.7
Translocations | |  0.7

Action                   |  1- 3 |  4- 6 |  7- 9 || total
-------------------------+-------+-------+-------++-------
Melee: Unarmed           |     1 |       |       ||     1
       Short sword       |    19 |    69 |    50 ||   138
       Dagger            |       |       |     6 ||     6
 Cast: Magic Dart        |    96 |   147 |   252 ||   495
       Call Imp          |     3 |     1 |     1 ||     5
       Mephitic Cloud    |       |     1 |    13 ||    14
       Conjure Flame     |       |       |     5 ||     5
Invok: Divine Energy     |       |     1 |       ||     1
  Use: Scroll            |       |       |    11 ||    11
 Stab: Sleeping          |       |     2 |       ||     2
       Confused          |       |       |     2 ||     2
Armor: Robe              |     2 |    28 |    36 ||    66
Dodge: Dodged            |    22 |    63 |    81 ||   166

Table legend:
 A = Spawn XP
 B = Non-spawn XP
 C = Spawn XP percentage of total XP
 D = Spawn monster count
 E = Non-spawn monster count
 F = Spawn count percentage of total count
 G = Total turns spent on level
                    A         B        C        D         E        F      G
               +---------+---------+-------+---------+---------+-------+---------
         Total |       0 |    3107 |   0.0 |       0 |     146 |   0.0 |  9348
               +---------+---------+-------+---------+---------+-------+---------
           D:1 |       0 |      38 |   0.0 |       0 |      21 |   0.0 |  1314
           D:2 |       0 |      65 |   0.0 |       0 |      23 |   0.0 |  1192
           D:3 |       0 |     279 |   0.0 |       0 |      27 |   0.0 |  2191
           D:4 |       0 |    1042 |   0.0 |       0 |      20 |   0.0 |  1421
           D:5 |       0 |     916 |   0.0 |       0 |      28 |   0.0 |  1978
           D:6 |       0 |     525 |   0.0 |       0 |      18 |   0.0 |  1050
           D:7 |       0 |     242 |   0.0 |       0 |       9 |   0.0 |    81
               +---------+---------+-------+---------+---------+-------+---------
